woodfighter, lawful female human Monk }}}}}}}}}}}}}}}}}}}}}}}}}}}}}}}}}}}}}}}}}}}}}}}}}}}}}}}}}}}}}}}}}}}}}} }}}}}}}}}}}}}}}}}}}}}}}}}}}}}}}}}}}}}}}}}}}}}}}}}}}} ------}}}}}}}}}}}}}}}}}}}}}}}}}}}}}}}}}}}}}}- |....|.}}}}}}}}}}}}}}}}}}}}}}}}}}}}}}}}}}}}}| |....|}}}}}}}}}}}}}}}}}}}}}}}}}}}}}}}}}}}}}}| |.)..|}}}}}}}---}}}}}}}}}}}}}}}}}}}}}}}}}}--- | |....|}}}}}}}|..}}}}}}}}}}}2}}}}}}}}}}}}}}}.....- |....|}}}}}}}|...}--}}}}}}}}}}}}}}}}}}}}}}---- |....|}}}}}}}}.....}}}}}^}}}}}}}}}}}}}}}}}}}}-- |..<.|}}}}}}}-}}..|}}}}}}}------ }}}}}}}}}}| |....|}}}}}}}}}}---}}}}}}}}.....}}}}}}}}}}}}--- |....|}}}}}}}}}}}}}}}}}}}|}...| | }-- |.^..|}}}}}}}}}}}}}}}}}}}---..-------- }| |)..}|...}}}}}}}}}}}}}}}}}}|-H..%@H.H.}}}}}}}- |....%...}}}}}}}}}}}}}}}}}}|..-------- }}}}}}}}}}}}}}}}}| |...}|...}}}}}}}}}}}}}}}----..| }}}}.}}}}| |....|}}}}}}}}}}}}}}}}}}| ... }| ------}}}}}}}}}}}}}}}}}}- ----- - }}}}}}}}}}}}}}}}}}}}}}} }}}}}}}}}}}}}}}}}}}}}}}}}}}}}}}} woodfighter the Student of Stones Experience level: 13 Strength: 18/11 Dexterity: 18 Constitution: 16 Intelligence: 9 Wisdom: 18 Charisma: 10 Health: 0(84) Energy: 98(98) Def: 12 Gold: 0 Moves: 14108 Dungeon seed: tGojSdliYgO56r8j Game ID: woodfighter_1533662806 Your Inventory: Amulets a - an uncursed amulet of flying z - an uncursed amulet of reflection (being worn) Weapons c - 14 +0 shuriken (in quiver) k - 12 +0 shuriken Armor n - a blessed +4 robe (being worn) A - a blessed +1 pair of leather gloves N - an uncursed +0 pair of speed boots (being worn) V - an uncursed +2 pair of leather gloves (being worn) W - an uncursed rusty +0 orcish helm (being worn) Comestibles O - an uncursed tin of spinach R - an uncursed clove of garlic T - 7 uncursed food rations Z - an uncursed lizard corpse Potions j - a cursed potion of hallucination Rings i - an uncursed ring of teleport control (on left hand) Wands d - a wand of digging (0:4) f - a wand of lightning (0:7) g - a wand of death (0:2) h - a wand of teleportation (0:5) l - a wand of magic missile (0:7) m - a wand of fire (0:5) o - a wand of cancellation (0:4) J - a wand of digging (0:3) K - a wand of lightning (0:6) S - a cursed wand of digging (0:5) X - a wand of striking (0:2) Tools b - an uncursed stethoscope p - a +0 pick-axe (alternate weapon; not wielded) q - a +0 unicorn horn s - a blessed bag of holding t - an uncursed oil lamp (0:698) w - an uncursed magic whistle y - an uncursed skeleton key I - an uncursed sack Y - an uncursed bugle Gems e - 4 uncursed worthless pieces of yellowish brown glass r - 7 uncursed worthless pieces of violet glass u - 4 uncursed worthless pieces of yellow glass v - 3 uncursed worthless pieces of black glass U - a blessed luckstone Contents of the bag of holding: 9598 gold pieces an uncursed [+0] mummy wrapping a [uncursed] cockatrice corpse 3 uncursed food rations an uncursed lizard corpse 4 uncursed sprigs of wolfsbane a cursed scroll of create monster a [blessed] scroll of create monster 2 uncursed scrolls of enchant armor a cursed scroll of enchant weapon 3 uncursed scrolls of fire a blessed scroll of light 2 [uncursed] scrolls of light an uncursed scroll of remove curse a blessed scroll of teleportation 2 uncursed scrolls of teleportation an uncursed spellbook of blank paper a [uncursed] spellbook of levitation an uncursed spellbook of polymorph an uncursed spellbook of slow monster an uncursed potion of blindness a [uncursed] potion of gain energy an uncursed potion of gain level 2 uncursed potions of healing a [blessed] potion of monster detection a [uncursed] potion of object detection a [uncursed] potion of oil a cursed potion of paralysis a cursed potion of sickness an uncursed ring of conflict a cursed ring of polymorph an uncursed ring of shock resistance an uncursed [+0] unicorn horn 2 uncursed aquamarines an uncursed fluorite 7 uncursed worthless pieces of blue glass 4 [uncursed] worthless pieces of green glass 8 uncursed worthless pieces of orange glass 3 uncursed worthless pieces of red glass an uncursed worthless piece of violet glass 3 [uncursed] worthless pieces of white glass 7 uncursed worthless pieces of yellow glass 4 [uncursed] worthless pieces of yellowish brown glass Spells and supernatural/magical abilities: Name Level Category Fail Memory h - healing 1 healing 0% 30% E - detect food 2 divination 0% 89% W - pray for help -- divine ? -- Your skills at the end: Miscellaneous Skills martial arts [Grand Master] wands [Basic] Weapon Skills shuriken [Basic] Spellcasting Skills healing spells [Skilled] Final Attributes: You were devoutly aligned. You were fire resistant. You were cold resistant. You were sleep resistant. You were poison resistant. Your writing hand was a little cramped from use. You saw invisible. You were warned. You had automatic searching. You were stealthy. You had teleport control. You were protected. You were very fast. You had reflection. You were lucky. You had extra luck. Good luck did not time out for you. You are dead. Vanquished creatures: a storm giant a purple worm 5 baluchitheria 2 young red dragons a young white dragon a trapper a vampire lord a lurker above a black pudding a vampire a ghost a lieutenant a mind flayer 2 giant mimics 2 fire giants an Elvenking 8 ice trolls 13 rock trolls an umber hulk a large mimic a wumpus 4 stalkers 7 earth elementals a hill giant an elf-lord 4 xorns 3 quantum mechanics 8 small mimics an island nymph a glass piercer a warhorse 2 xans 2 ettin mummies an ogre lord 15 trolls a sasquatch 3 wood golems 2 pyrolisks a large dog a freezing sphere a flaming sphere 4 shocking spheres a large cat a tiger 2 gargoyles 3 ochre jellies a crocodile 3 chameleons 3 mountain centaurs 2 giants an elf mummy 3 red nagas 5 Grey-elves 2 pit vipers a python a cobra a wraith a leather golem 4 succubi an incubus 2 giant beetles 19 cockatrices 5 wolves 2 winter wolf cubs 2 black lights a lynx a panther 2 gremlins 4 leprechauns a quivering blob 2 spotted jellies 2 lizards a mountain nymph 3 orc-captains 2 mumakil 3 giant spiders 2 scorpions 2 horses an ice vortex 2 vampire bats 6 forest centaurs 10 gnome kings 3 orc mummies a dwarf mummy a brown pudding 3 Green-elves 2 owlbears 3 yetis a gold golem 2 werewolves 2 piranhas 6 giant eels a dog 2 dingos a housecat a jaguar 2 dwarf lords 5 water nymphs a gray unicorn a black unicorn 2 dust vortices 2 ravens 9 plains centaurs 3 gnome mummies 12 Woodland-elves 3 snakes 7 apes 2 human zombies 3 rope golems 5 soldier ants 7 fire ants 2 yellow lights 33 bugbears an imp 2 wood nymphs 7 Mordor orcs 11 Uruk-hai 3 orc shamans 2 rock moles 3 rock piercers 4 ponies 3 fog clouds a shrieker a violet fungus 17 gnome lords 11 gnomish wizards 3 kobold mummies a red naga hatchling a guardian naga hatchling a gray ooze 5 elf zombies 3 ghouls 3 straw golems a paper golem 4 jellyfish 5 giant ants 2 puppies 8 floating eyes 6 kittens 8 dwarves 2 homunculi 5 quasits 5 kobold lords a kobold shaman 4 iguanas 12 hill orcs a rothe 4 centipedes 5 jitterbugs 2 giant bats 3 monkeys 2 orc zombies a werejackal 5 killer bees 2 gas spores 4 hobbits an acid blob 9 large kobolds 4 geckos 38 hobgoblins 4 cave spiders a brown mold 4 yellow molds 2 green molds 2 red molds 50 gnomes 15 garter snakes 6 manes 4 gnome zombies 3 jackals a fox 6 kobolds 10 newts 12 goblins 9 sewer rats 21 grid bugs 4 bats 12 lichens 2 kobold zombies 745 creatures vanquished. Voluntary challenges: You were vegetarian. You had followed a strict vegan diet until turn 2589. You did not cause conflict. You were not invisible. You never hit with a wielded weapon. You did not use plumbed fixtures. You read items or engraved 17 times, starting on turn 1604. You never genocided any monsters. You never polymorphed an object. You never changed form. You completed Sokoban on turn 3138, according to the rules. You used no wishes. You never split a pudding. You wrote Elbereth's name 1 time, starting on turn 9302. You never violated your personal moral code. Dungeon overview: The Dungeons of Doom: levels 1 to 26 Level 1 (water) a long staircase Level 2 some fountains, a sink Level 3 a fountain Level 4 stairs to The Gnomish Mines Level 5 many fountains Level 6 stairs to Sokoban Level 7 Level 8 a fountain Level 9 Level 10 Level 11 (white unicorn) Level 12 (quest) an altar to Shan Lai Ching portal to The Quest Level 13 an altar to Chih Sung-tzu Level 14 a fountain Level 15 (rogue) Level 16 a fountain Level 17 (white unicorn) Level 18 (vault) a fountain Level 19 an altar to Shan Lai Ching Level 20 a temple to Huan Ti, some fountains Level 21 an altar to Huan Ti Level 22 a fountain, a sink Level 23 some fountains Level 24 some altars to Shan Lai Ching and Chih Sung-tzu Level 25 Level 26 (medusa) <- You were here The Gnomish Mines: levels 5 to 12 Level 5 stairs to The Dungeons of Doom Level 6 Level 7 Level 8 many shops, a temple to Huan Ti, a magic chest, some trees Level 9 Level 10 Level 11 Level 12 a magic chest, some fountains The Quest: Level 1 a temple to Moloch, a magic chest portal to The Dungeons of Doom Sokoban: levels 2 to 5 Level 2 a magic chest Level 3 Level 4 Level 5 an altar to Shan Lai Ching, a magic chest stairs to The Dungeons of Doom History has recorded: On T:1 you entered the Dungeons of Doom to retrieve the Amulet of Yendor! On T:111 you reached level 2 of The Dungeons of Doom. On T:291 you reached level 3 of The Dungeons of Doom. On T:420 you advanced to experience level 2. On T:673 you reached level 4 of The Dungeons of Doom. On T:675 you advanced to experience level 3. On T:870 you reached level 5 of The Dungeons of Doom. On T:970 you reached level 1 of The Gnomish Mines. On T:1053 you reached level 6 of The Dungeons of Doom. On T:1054 you advanced to experience level 4. On T:1456 you advanced to experience level 5. On T:1482 you reached level 4 of Sokoban. On T:1603 you opened a magic chest. On T:1734 you reached level 3 of Sokoban. On T:2263 you reached level 2 of Sokoban. On T:2529 you advanced to experience level 6. On T:2534 you reached level 1 of Sokoban. On T:3138 you advanced to experience level 7. On T:3138 you entered the Sokoban zoo. On T:3511 you reached level 2 of The Gnomish Mines. On T:3676 you reached level 3 of The Gnomish Mines. On T:3942 you reached level 4 of The Gnomish Mines. On T:4087 you advanced to experience level 8. On T:4107 you reached level 5 of The Gnomish Mines. On T:4522 you reached level 6 of The Gnomish Mines. On T:4736 you reached level 7 of The Gnomish Mines. On T:5001 you entered the Minetown temple On T:5025 you advanced to experience level 9. On T:5423 you reached level 8 of The Gnomish Mines. On T:5423 you reached the bottom of the Mines. On T:6498 you reached level 7 of The Dungeons of Doom. On T:6629 you reached level 8 of The Dungeons of Doom. On T:6865 you reached level 9 of The Dungeons of Doom. On T:7247 you advanced to experience level 10. On T:7343 you reached level 10 of The Dungeons of Doom. On T:7426 you reached level 11 of The Dungeons of Doom. On T:7805 you reached level 12 of The Dungeons of Doom. On T:7937 you reached level 13 of The Dungeons of Doom. On T:8081 you reached level 1 of The Quest. On T:8345 you reached level 14 of The Dungeons of Doom. On T:8709 you reached level 15 of The Dungeons of Doom. On T:8709 you entered the Rogue tribute level. On T:9184 you reached level 16 of The Dungeons of Doom. On T:9204 you reached level 17 of The Dungeons of Doom. On T:9257 you advanced to experience level 11. On T:9297 you prayed to Shan Lai Ching. On T:10743 you reached level 18 of The Dungeons of Doom. On T:11446 you reached level 19 of The Dungeons of Doom. On T:12084 you reached level 20 of The Dungeons of Doom. On T:12087 you reached level 21 of The Dungeons of Doom. On T:12153 you advanced to experience level 12. On T:12210 you reached level 22 of The Dungeons of Doom. On T:13157 you reached level 23 of The Dungeons of Doom. On T:13453 you reached level 24 of The Dungeons of Doom. On T:13782 you reached level 25 of The Dungeons of Doom. On T:13872 you reached level 26 of The Dungeons of Doom. On T:14102 you advanced to experience level 13. Score breakdown: Gold: 9598 ( 959 points) Experience: 13 levels ( 1200 points) Exploration: 26 levels ( 750 points) Discoveries: 73 items ( 2000 points) Variety of kills: 179 monsters ( 2000 points) Major goal: Sokoban/Mines ( 1500 points) Survival: died (score multiplied by 3) Total score: 25227 Latest messages: r - 7 violet gems. u - 4 yellow gems. v - 3 black gems. You see here a storm giant corpse. You strike the storm giant! The storm giant swings her sling at you. The storm giant hits! The storm giant punches you! You strike the storm giant! (2x) The storm giant swings her sling at you. The storm giant hits! The storm giant punches you! The storm giant hurls a potion of paralysis! The flagon crashes on your head and breaks into shards. Something seems to be holding you. The storm giant swings her sling at you. The storm giant hits! The storm giant punches you! The storm giant swings her sling at you. The storm giant hits! The storm giant punches you! The storm giant swings her sling at you. The storm giant hits! The storm giant punches you! You die... The sack is empty. The sack is empty. Final status: Goodbye woodfighter the Monk, killed by a storm giant, while frozen by potion vapours... You died in The Dungeons of Doom on dungeon level 26 with 25227 points, and 9598 pieces of gold, after 14108 moves. You were level 13 with a maximum of 84 hit points when you died.